 Dungeon Crawl Stone Soup version 0.24.0-37-gcf1ca852f1 (webtiles) character file.

Game seed: 1460047467559689886, levelgen mode: deterministic

5817 lepoulpe303 the Covert (level 10, -8/53 HPs)
             Began as a Spriggan Assassin on Nov 25, 2019.
             Was a Priest of Dithmenos.
             Killed from afar by Erica (14 damage)
             ... with an orb of energy
             ... on level 10 of the Dungeon.
             The game lasted 00:47:51 (12706 turns).

lepoulpe303 the Covert (Spriggan Assassin)         Turns: 12706, Time: 00:47:51

Health: -8/53      AC:  3    Str:  8    XL:     10   Next: 51%
Magic:  24/26      EV: 24    Int: 14    God:    Dithmenos [***...]
Gold:   482        SH:  0    Dex: 19    Spells: 13/18 levels left

rFire    . . .     SeeInvis +   a - +0 short sword
rCold    + . .     Gourm    .   (shield restricted)
rNeg     . . .     Faith    .   N - +0 robe (curse)
rPois    .         Spirit   .   o - +0 hat
rElec    .         Reflect  .   c - +0 cloak
rCorr    .         Harm     .   (gloves unavailable)
MR       +....                  (boots unavailable)
Stlth    +++++++...             (no amulet)
HPRegen  0.17/turn              v - ring of protection from cold
MPRegen  0.20/turn              M - ring of magical power {MP+9}

@: wreathed by umbra, very quick
A: very small, unfitting armour, see invisible, herbivore, speed 3, slow
metabolism 2
a: Shadow Step, Renounce Religion


You were on level 10 of the Dungeon.
You worshipped Dithmenos.
Dithmenos was most pleased with you.
You were not hungry.

You visited 2 branches of the dungeon, and saw 11 of its levels.

You collected 548 gold pieces.
You spent 66 gold pieces at shops.

Inventory:

Hand Weapons
 a - a +0 short sword (weapon)
 b - a +0 dagger of venom
Missiles
 d - 41 poisoned darts (quivered)
 f - 2 curare-tipped darts
 r - 40 boomerangs
 D - 7 throwing nets {=f}
 Q - 80 arrows
Armour
 c - a +0 cloak (worn)
 o - a +0 hat (worn)
 K - a +0 robe
 N - a cursed +0 robe (worn)
 U - a +0 buckler
Jewellery
 g - an uncursed ring of flight
 k - an uncursed ring of ice {rC+, rF-}
 t - a cursed ring of protection from cold
 v - a ring of protection from cold (left hand)
 I - an uncursed ring of protection from cold
 M - a ring of magical power (right hand) {MP+9}
 O - an uncursed amulet of faith {Faith, !P}
 R - an uncursed amulet of harm {unknown}
 S - an uncursed ring of protection from cold
Wands
 q - a wand of flame (13)
 z - a wand of paralysis (7)
 H - a wand of disintegration (27)
 P - a wand of enslavement (3)
Scrolls
 h - 7 scrolls of enchant weapon {unknown}
 i - 8 scrolls of identify
 j - 7 scrolls of teleportation
 l - a scroll of random uselessness {unknown}
 m - a scroll of fear {unknown}
 w - 7 scrolls of remove curse
 y - 2 scrolls of noise {unknown}
 A - 2 scrolls of amnesia {unknown}
 B - 2 scrolls of magic mapping {unknown}
 C - 4 scrolls of immolation {unknown}
 F - 2 scrolls of blinking {unknown}
 J - a scroll of fog {unknown}
Potions
 n - 4 potions of berserk rage {unknown}
 p - a potion of degeneration {unknown}
 s - 3 potions of curing {unknown}
 u - a potion of flight {unknown}
 x - 2 potions of haste {unknown}
 E - 2 potions of heal wounds {unknown}
 G - a potion of mutation {unknown}
 L - 3 potions of magic {unknown}
 T - 2 potions of lignification {unknown}
Comestibles
 e - 26 rations


   Skills:
 - Level 5.7 Fighting
 + Level 8.0 Short Blades
 + Level 5.6 Throwing
 + Level 7.7 Dodging
 + Level 11.5 Stealth
 * Level 4.5 Spellcasting
 * Level 4.9 Transmutations
 + Level 2.0 Poison Magic
 + Level 4.4 Invocations


You had 13 spell levels left.
You knew the following spells:

 Your Spells              Type           Power        Failure   Level  Hunger
c - Spider Form           Tmut/Pois      ##........   13%         3    ###....
s - Sticks to Snakes      Tmut           ###.....     3%          2    ##.....

Your spell library contained the following spells:

 Spells                   Type           Power        Failure   Level  Hunger
 Beastly Appendage        Tmut           ###...       2%          1    None
 Summon Small Mammal      Summ           #...         19%         1    None
 Call Imp                 Summ           #.......     28%         2    ##.....
 Call Canine Familiar     Summ           #.......     50%         3    ###....
 Summon Guardian Golem    Hex/Summ       #.......     50%         3    ###....
 Ice Form                 Ice/Tmut       ##......     56%         4    ####...
 Blade Hands              Tmut           ###.......   56%         5    ######.
 Summon Ice Beast         Ice/Summ       #.......     88%         4    ####...
 Summon Lightning Spire   Summ/Air       #.......     88%         4    ####...


Dungeon Overview and Level Annotations

Branches:
Dungeon (10/15)            Temple (1/1) D:5             Orc (0/2) D:10
   Lair: D:8-11

Altars:
Ashenzari
Cheibriados
Dithmenos
Elyvilon
Fedhas
Gozag
Hepliaklqana
Kikubaaqudgha
Makhleb
Nemelex Xobeh
Okawaru
Qazlal
Ru
Sif Muna
Trog
Uskayaw
Vehumet
Wu Jian
Xom
Yredelemnul
Zin
The Shining One

Shops:
D:10 *

Annotations:
D:10 Erica


Innate Abilities, Weirdness & Mutations

You are very small and have problems with some larger weapons.
You are too small for most types of armour.
You have supernaturally acute eyesight. (SInv)
You are a herbivore.
You cover ground extremely quickly.
You need to consume almost no food.


Message History

Erica gestures at you while chanting. The orb of energy hits you!!
Ouch! That really hurt!
* * * LOW HITPOINT WARNING * * *
You emit a cloud of dark smoke.
The orb of energy explodes!
The mystic blast hits your ball python!!!
Your ball python dies!
The mystic blast hits your ball python!!
Your ball python dies!
You take 28 damage, and have 6/53 hp.
MASSIVE DAMAGE!!
MP restored: 26
Casting: Sticks to Snakes (safe; 3% risk of failure)
You create a snake!
You now have 80 arrows.
Erica casts a spell at you. The orb of energy misses you.
You now have 24/26 mp.
Erica points at you and mumbles some strange words.
The orb of energy hits you!
You die...

.....# #.# #.######..# .....# #.#
#..<......# .....# #.#
########.## .....# #.# #.#
.....#####.###### ##########.#
................#####....)[.)..#
...........###.........#########
...##.########.######...######
#..#.## #§@§..@............#
#...# #§##.##..##...####.# #..###
#§##S##..###)## #.# #....#
#§§§§§..?.....#####.####
#.........(§§#.##..##............
###..######..#§##..###.#####.####
#..# #..§.....# #.# #.# #..#
##.#.###.# #.# #.# #..# #.#.# #.#
#.# #.#


You could see Erica (invisible).

Levels and vault maps discovered:
D:1:      dpeg_arrival_renting, layout_loops_ring, serial_rivers,
          chequers_serial_rivers_small_a, chequers_serial_rivers_room_b,
          chequers_serial_rivers_small_3, chequers_serial_rivers_room_a,
          chequers_serial_rivers_micro_e, minmay_misc_feat_pillars
D:2:      layout_loops_corners, first_ration
D:3:      minmay_chambers_of_twos, layout_basic, kennysheep_generic_room_8,
          uniq_ijyb
D:4:      layout_loops_ring, serial_park_tiny_1
D:5:      layout_rooms, minmay_temple_entry_wispy
D:6:      layout_cave_pools, minmay_misc_feat_tiny
D:7:      layout_basic, lemuel_round_altar, uniq_pikel
D:8:      layout_loops_corners
D:9:      layout_basic, uniq_prince_ribbit1
D:10:     layout_loops_ring, hiddenorc2_lemuel, serial_shops, shop, uniq_harold,
          uniq_erica
Temple:   kilobyte_greek_temple

Notes
Turn   | Place    | Note
-------+----------+-------------------------------------------
     0 | D:1      | lepoulpe303 the Spriggan Assassin began the quest for the
                  | Orb.
     0 | D:1      | Reached XP level 1. HP: 10/10 MP: 2/2
    25 | D:1      | Identified a +0 dagger
    27 | D:1      | Identified a +0 club
   256 | D:1      | Reached XP level 2. HP: 12/15 MP: 3/3
   316 | D:1      | Identified a +0 club
   322 | D:1      | Identified a +0 club
   331 | D:1      | Reached skill level 6 in Stealth
   408 | D:1      | Identified a cursed +0 club
   417 | D:1      | Reached skill level 2 in Fighting
   484 | D:1      | Identified a +0 club
   484 | D:1      | Identified a +0 club
   528 | D:1      | Reached skill level 2 in Dodging
   872 | D:1      | Reached XP level 3. HP: 18/18 MP: 4/4
   882 | D:1      | Identified a +0 club
  1477 | D:2      | Identified a +0 club
  1578 | D:2      | Identified a +0 club
  1594 | D:2      | Identified a +0 hat (You found it on level 2 of the
                  | Dungeon)
  1806 | D:2      | Reached skill level 3 in Short Blades
  1806 | D:2      | Reached XP level 4. HP: 17/23 MP: 5/5
  1831 | D:2      | Identified a +0 dagger
  1859 | D:2      | Identified a +0 ring mail
  2281 | D:3      | Identified a +0 club
  2291 | D:3      | You fall into a shaft and drop 1 floor!
  2338 | D:4      | Identified a +0 giant club
  2338 | D:4      | Noticed an ogre
  2389 | D:4      | Killed an ogre
  2389 | D:4      | Reached skill level 3 in Fighting
  2389 | D:4      | Reached skill level 3 in Dodging
  2389 | D:4      | Reached XP level 5. HP: 24/28 MP: 6/6
  2472 | D:4      | Identified a +0 mace
  2480 | D:4      | Reached XP level 6. HP: 32/32 MP: 7/7
  2662 | D:4      | You fall into a shaft and drop 1 floor!
  2662 | D:5      | Entered Level 5 of the Dungeon
  2712 | D:3      | Identified a +0 flail
  2715 | D:3      | Identified a +0 whip
  2717 | D:3      | Identified a +0 club
  2724 | D:3      | Reached skill level 4 in Short Blades
  2951 | D:3      | Identified a +0 whip
  2976 | D:3      | Identified a +0 dagger
  2986 | D:3      | Reached skill level 3 in Throwing
  2986 | D:3      | Reached skill level 7 in Stealth
  2992 | D:3      | Identified a +0 dagger
  2992 | D:3      | Identified a +0 robe
  2993 | D:3      | Identified a +0 leather armour
  2999 | D:3      | Identified a +0 short sword
  3381 | D:3      | Identified a +0 short sword
  3381 | D:3      | Identified a +0 leather armour
  3570 | D:3      | Identified a +0 club
  3639 | D:3      | Identified a +0 ring mail
  3639 | D:3      | Noticed Ijyb
  3648 | D:3      | Killed Ijyb
  3878 | D:3      | Identified a +0 dagger
  4230 | D:3      | Identified 4 scrolls of remove curse
  4231 | D:3      | Identified a ring of flight (You found it on level 1 of the
                  | Dungeon)
  4232 | D:3      | Identified a ring of protection from cold (You found it on
                  | level 4 of the Dungeon)
  4234 | D:3      | Identified a ring of ice (You found it on level 3 of the
                  | Dungeon)
  4615 | D:4      | Reached skill level 4 in Dodging
  4615 | D:4      | Reached XP level 7. HP: 29/37 MP: 8/8
  4724 | D:4      | Identified a +2 mace of protection
  4724 | D:4      | Identified a +0 scale mail
  4813 | D:4      | Identified a +0 giant spiked club
  5116 | D:5      | Reached skill level 5 in Short Blades
  5273 | D:5      | Reached skill level 4 in Fighting
  5316 | D:5      | Found a staircase to the Ecumenical Temple.
  5323 | Temple   | Entered the Ecumenical Temple
  5442 | Temple   | Became a worshipper of Dithmenos the Shadowed
  5523 | D:5      | HP: 9/37 [phantom (5)]
  5778 | D:5      | Reached skill level 8 in Stealth
  5778 | D:5      | Reached skill level 1 in Invocations
  5842 | D:5      | Reached XP level 8. HP: 42/42 MP: 8/10
  6103 | D:6      | Identified a +0 dagger
  6103 | D:6      | Identified a +0 robe
  6104 | D:6      | Identified a +0 club
  6104 | D:6      | Identified a +0 leather armour
  6105 | D:6      | Identified a +0 hand axe
  6105 | D:6      | Identified a +0 plate armour
  6197 | D:6      | Reached skill level 4 in Throwing
  6197 | D:6      | Reached skill level 5 in Dodging
  6470 | D:6      | Identified a +0 mace
  6470 | D:6      | Identified a +0 leather armour
  6470 | D:6      | Identified a +0 war axe
  6470 | D:6      | Identified a +0 chain mail
  6470 | D:6      | Identified a +0 dagger
  6470 | D:6      | Identified a +0 leather armour
  6472 | D:6      | Identified a cursed -3 dagger
  6926 | D:7      | Reached skill level 9 in Stealth
  6936 | D:7      | Reached skill level 6 in Short Blades
  6936 | D:7      | Reached skill level 2 in Invocations
  6966 | D:7      | Identified a +0 short sword
  7006 | D:7      | Reached * piety under Dithmenos
  7198 | D:7      | Found a radiant altar of Vehumet.
  7316 | D:7      | Reached skill level 5 in Fighting
  7388 | D:7      | Identified a +0 hand axe
  7388 | D:7      | Identified a +0 leather armour of fire resistance
  7390 | D:7      | Identified a +0 dagger
  7390 | D:7      | Identified a +0 robe
  7394 | D:7      | Identified a +0 club
  7394 | D:7      | Identified a +0 scale mail
  7394 | D:7      | Identified a +0 club
  7729 | D:7      | Identified a +0 whip of flaming
  7729 | D:7      | Identified a +0 robe
  7729 | D:7      | Noticed Pikel
  7783 | D:7      | Killed Pikel
  7783 | D:7      | Reached skill level 6 in Dodging
  7783 | D:7      | Reached skill level 10 in Stealth
  7783 | D:7      | Reached skill level 3 in Invocations
  7783 | D:7      | Reached XP level 9. HP: 15/47 MP: 10/12
  8102 | D:8      | Reached skill level 7 in Short Blades
  8106 | D:8      | Identified a +0 dagger of venom
  8106 | D:8      | Identified a +0 ring mail
  8108 | D:8      | Identified a +0 dagger
  8108 | D:8      | Identified a +0 robe
  8109 | D:8      | Identified a +0 dagger
  8109 | D:8      | Identified a +0 robe
  8178 | D:8      | Identified a +0 hand axe
  8183 | D:8      | Identified a +0 club
  8184 | D:8      | Identified a +0 hand axe
  8295 | D:8      | Identified a +0 shortbow
  8300 | D:8      | Reached ** piety under Dithmenos
  8367 | D:8      | Identified a +0 giant spiked club
  8678 | D:8      | Identified a +0 giant club
  8799 | D:8      | Learned a level 2 spell: Sticks to Snakes
  8823 | D:8      | Reached skill level 5 in Throwing
  8904 | D:8      | Reached skill level 1 in Spellcasting
  8904 | D:8      | Reached skill level 1 in Transmutations
  9672 | D:9      | Identified a +0 short sword
  9672 | D:9      | Identified a +0 plate armour
  9672 | D:9      | Identified a +0 dagger
  9672 | D:9      | Identified a +0 robe
  9672 | D:9      | Identified a +0 dagger
  9675 | D:9      | Reached skill level 2 in Transmutations
  9691 | D:9      | Learned a level 3 spell: Spider Form
  9788 | D:9      | Reached skill level 7 in Dodging
  9788 | D:9      | Reached skill level 11 in Stealth
  9788 | D:9      | Reached skill level 2 in Spellcasting
  9979 | D:9      | Noticed Prince Ribbit
  9983 | D:9      | Killed Prince Ribbit
  9985 | D:9      | Identified a +0 giant spiked club
  9992 | D:9      | Reached skill level 3 in Transmutations
 10017 | D:9      | Identified a cursed +0 robe (You found it on level 9 of the
                  | Dungeon)
 10096 | D:9      | Reached XP level 10. HP: 53/53 MP: 13/15
 10098 | D:9      | Identified a ring of magical power (You found it on level 8
                  | of the Dungeon)
 10392 | D:10     | Entered Level 10 of the Dungeon
 10398 | D:10     | Reached skill level 1 in Poison Magic
 10407 | D:10     | Found Ykhliff's General Store.
 10407 | D:10     | Identified a +0 hand axe
 10407 | D:10     | Identified a +0 chain mail
 10407 | D:10     | Identified a +0 dagger of flaming
 10407 | D:10     | Identified a cursed +0 robe
 10539 | D:10     | Identified a +0 dagger
 10539 | D:10     | Identified a +0 robe
 10540 | D:10     | Identified a +0 club
 10540 | D:10     | Identified a +0 war axe
 10566 | D:10     | Reached skill level 3 in Spellcasting
 10599 | D:10     | Bought a scroll of teleportation for 33 gold pieces
 10599 | D:10     | Bought a scroll of teleportation for 33 gold pieces
 10599 | D:10     | Identified 9 scrolls of identify
 10599 | D:10     | Identified an amulet of faith (You found it on level 9 of
                  | the Dungeon)
 10624 | D:10     | Identified a +0 ring mail
 10625 | D:10     | Identified a +2 whip of freezing
 10629 | D:10     | Identified a +0 club
 10631 | D:10     | Identified a +0 dagger
 10631 | D:10     | Identified a +0 robe
 10673 | D:10     | Identified a +0 halberd
 10673 | D:10     | Identified a +0 scale mail
 10673 | D:10     | Noticed Harold
 10715 | D:10     | Killed Harold
 10715 | D:10     | Reached skill level 4 in Transmutations
 10715 | D:10     | Reached skill level 4 in Invocations
 10926 | D:10     | Identified a +1 scimitar of flaming
 10926 | D:10     | Identified a +0 robe
 10926 | D:10     | Noticed Erica
 11027 | D:10     | Reached skill level 4 in Spellcasting
 11095 | D:10     | Identified a +0 dagger
 11095 | D:10     | Identified a +0 robe
 11097 | D:10     | Identified a +0 club
 11097 | D:10     | Identified a +0 leather armour
 11097 | D:10     | Identified a +0 dagger
 11097 | D:10     | Identified a +0 robe
 11097 | D:10     | Identified a cursed -2 dagger
 11097 | D:10     | Identified a +0 flail
 11098 | D:10     | Identified a +0 war axe
 11098 | D:10     | Identified a cursed +0 ring mail
 11107 | D:10     | Identified a +0 flail
 11116 | D:10     | Identified a +0 dagger
 11116 | D:10     | Identified a +0 leather armour
 11120 | D:10     | Reached *** piety under Dithmenos
 11349 | D:10     | Identified a +0 hand axe
 11349 | D:10     | Identified a cursed +0 leather armour
 11402 | D:10     | Identified a +0 flail
 11402 | D:10     | Identified a +0 scale mail
 11404 | D:10     | Identified a +0 mace
 11404 | D:10     | Identified a cursed -3 dagger
 11406 | D:10     | Found a staircase to the Orcish Mines.
 11406 | D:10     | Identified a +0 flail
 11406 | D:10     | Identified a +0 ring mail
 11406 | D:10     | Identified a +0 buckler
 11406 | D:10     | Identified a +0 chain mail
 11408 | D:10     | Identified a +0 flail
 11542 | D:10     | Identified a +0 whip
 11542 | D:10     | Identified a +2 trident of piercing
 11542 | D:10     | Identified a +0 ring mail
 11542 | D:10     | Identified a +0 short sword
 11587 | D:10     | Reached skill level 8 in Short Blades
 11764 | D:10     | Identified a +0 dagger
 11764 | D:10     | Identified a +0 ring mail
 11764 | D:10     | Identified a +0 short sword
 11764 | D:10     | Identified a +0 scale mail
 11764 | D:10     | Identified a +0 falchion
 11764 | D:10     | Identified a +0 chain mail
 11820 | D:10     | Identified a +0 dagger
 11826 | D:10     | Identified a +0 glaive
 11826 | D:10     | Identified a +0 chain mail
 12010 | D:10     | Identified a +0 whip
 12022 | D:10     | Reached skill level 2 in Poison Magic
 12026 | D:10     | Identified a +0 war axe
 12033 | D:10     | Identified a +0 hand axe
 12033 | D:10     | Identified the +2 plate armour of Alisko {+Fly Str+2}
 12099 | D:10     | Identified a +0 club
 12099 | D:10     | Identified a +0 chain mail
 12207 | D:10     | Identified a +0 dagger
 12207 | D:10     | Identified a +0 robe
 12228 | D:10     | Identified a +0 whip
 12260 | D:10     | Identified a +0 giant club
 12699 | D:10     | HP: 6/53 [Erica/orb of energy (28)]
 12706 | D:10     | Killed from afar by Erica

Table legend:
 A = Turns spent in this place as a percentage of turns spent in the entire game.
 B = Non-inter-level travel turns spent in this place as a percentage of non-inter-level travel turns spent in the entire game.
 C = Inter-level travel turns spent in this place as a percentage of turns spent in this place.
 D = Turns resting spent in this place as a percentage of non-inter-level travel turns spent in this place.
 E = Turns spent auto-exploring this place as a percentage of non-inter-level travel turns spent in this place.
 F = Non-inter-level travel turns spent in this place divided by the number of levels of this place that you've seen.
                   A       B       C       D       E      F
               +-------+-------+-------+-------+-------+----------------------
         Total | 100.0 | 100.0 |   6.2 |  24.2 |  48.9 | 1082.9
       Dungeon |  98.8 |  99.0 |   6.0 |  24.4 |  48.5 | 1179.1
        Temple |   1.2 |   1.0 |  22.4 |   0.0 |  93.4 | 121.0
               +-------+-------+-------+-------+-------+----------------------

Table legend:
 A = Kills in this place as a percentage of kills in entire the game.
 B = Kills by you in this place as a percentage of kills by you in the entire game.
 C = Kills by friends in this place as a percentage of kills by friends in the entire game.
 D = Other kills in this place as a percentage of other kills in the entire game.
 E = Experience gained in this place as a percentage of experience gained in the entire game.
 F = Experience gained in this place divided by the number of levels of this place that you have seen.
                   A       B       C       D       E      F
               +-------+-------+-------+-------+-------+----------------------
         Total | 100.0 | 100.0 |   N/A |   N/A | 100.0 | 755.5
       Dungeon | 100.0 | 100.0 |   N/A |   N/A | 100.0 | 831.0
               +-------+-------+-------+-------+-------+----------------------

Skill      XL: |  1  2  3  4  5  6  7  8  9 10 |
---------------+-------------------------------+-----
Stealth        | 6 7 8 10 11 | 11.5
Fighting       | 2 3 4 5 |  5.7
Dodging        | 2 3 4 6 7 |  7.7
Short Blades   | 3 4 5 6 7 8 |  8.0
Throwing       | 3 4 5 |  5.6
Invocations    | 1 3 4 |  4.4
Spellcasting   | 2 4 |  4.5
Transmutations | 3 4 |  4.9
Poison Magic   | 2 |  2.0

Action                   |  1- 3 |  4- 6 |  7- 9 | 10-12 || total
-------------------------+-------+-------+-------+-------++-------
Melee: Dagger            |    92 |   103 |    84 |   165 ||   444
       Short sword       |       |    85 |   196 |     2 ||   283
Throw: Dart              |    12 |    59 |   109 |    68 ||   248
       Boomerang         |       |     9 |    16 |       ||    25
       Throwing net      |       |       |     1 |       ||     1
 Cast: Sticks to Snakes  |       |       |     5 |    13 ||    18
  Use: Scroll            |       |     1 |       |     1 ||     2
 Stab: Sleeping          |    17 |    18 |    43 |     5 ||    83
       Distracted        |       |       |     2 |     4 ||     6
       Held in net/web   |       |       |     2 |       ||     2
  Eat: Ration            |       |     1 |     2 |     2 ||     5
Armor: Robe              |     3 |    32 |    12 |     3 ||    50
Dodge: Dodged            |    53 |   151 |   189 |   103 ||   496

Vanquished Creatures
  Harold (D:10)
  Pikel (D:7)
  A komodo dragon (D:10)
  Prince Ribbit (D:9)
  A hippogriff (D:10)
  A wyvern (D:9)
  A water moccasin (D:8)
  4 orc warriors
  5 sky beasts
  2 ice beasts
  3 phantoms
  2 slaves (D:7)
  A centaur (D:8)
  6 ogres
  2 bullfrogs
  A big kobold (D:7)
  A water moccasin zombie (D:8)
  3 scorpions
  A wyvern skeleton (D:10)
  A crimson imp (D:7)
  9 hounds
  8 orc priests
  A bullfrog skeleton (D:7)
  12 orc wizards
  An iguana (D:9)
  Ijyb (D:3)
  4 worker ants
  2 hound skeletons
  2 hound zombies
  A howler monkey zombie (D:8)
  4 gnolls (D:3)
  15 adders
  2 shadow imps
  An ooze (D:1)
  An adder skeleton (D:7)
  2 worms
  3 dart slugs
  11 leopard geckos
  46 orcs
  3 giant cockroaches
  5 goblins
  11 hobgoblins
  9 jackals
  10 kobolds
  4 quokkas
  10 bats
  8 frilled lizards
  A jackal skeleton (D:5)
  A quokka skeleton (D:5)
  A quokka zombie (D:8)
  10 rats
238 creatures vanquished.

Vanquished Creatures (others)
  A slave (D:7)
  A worker ant (D:7)
2 creatures vanquished.

Grand Total: 240 creatures vanquished
